[Event "ESP-ch Teams Primera 2022"]
[Site "Sanxenxo Pontevedra"]
[Date "2022.09.19"]
[Round "3.21"]
[White "Fier, Alexandr"]
[Black "Almagro Llamas, Pablo"]
[Result "1-0"]
[ECO "B12"]
[WhiteElo "2583"]
[BlackElo "2407"]
[Annotator "TA"]
[PlyCount "147"]
[EventDate "2022.09.17"]
[EventType "team-tourn"]
[EventCountry "ESP"]
[SourceTitle "playchess.com"]
[Source "ChessBase"]
[SourceQuality "1"]
[TimeControl "5400+30"]

1. e4 c6 2. d4 d5 3. f3 e6 4. Nc3 Bb4 5. Bd2 Ne7 {[%emt 0:01:44] BESTDEEP} 6. a3 {[%emt 0:00:07] CPLX 2.2. B12: Caro-Kann: Advance Variation.} Ba5 {[%emt 0:00:39] BESTDEEP} 7. Bd3 {[%emt 0:00:05] BESTDEEP} Nd7 8. f4 {[%emt 0:00:07] Inhibits e5. BESTDEEP. The position is equal.} Bb6 {[%emt 0:06:25] RELBLUND 58 (Ba5xc3) (=15)} (8... Bxc3 $11 9. Bxc3 Nf6) 9. Nf3 $14 {[%emt 0:00:37] CPLX 2.1} c5 {[%emt 0:01:07] [#] CPLX 2.1} 10. e5 $146 {[%emt 0:01:01] RELBLUND 53 (Nc3-b5) (=11)} ({White should play} 10. Nb5 $14 O-O 11. e5) ({Predecessor:} 10. Nb5 O-O {½-½ (10) Hector,J (2530)-Dreev,A (2677) Helsingor 2012}) 10... c4 $11 {[%emt 0:09:48] CPLX 2.2} 11. Bf1 {[%emt 0:06:01] BESTDEEP} Nf5 {[%emt 0:01:01] CPLX 2.0 7 (0-0) (=9)} 12. Ne2 {[%emt 0:00:29] CPLX 2.3} h5 {[%emt 0:00:50] CPLX 2.2 45 (0-0) (=14)} 13. c3 {[%emt 0:02:50] CPLX 2.1 43 (g2-g3) (=12)} Nb8 {[%emt 0:05:53] CPLX 2.1 29 (h5-h4) (=15)} 14. Ng3 {CPLX 2.2} Nc6 {[%emt 0:14:48] CPLX 2.6 23 (Nf5-e7) (=16)} 15. Nxf5 {[%emt 0:02:32] CPLX 2.5} exf5 {[%emt 0:00:08] RECAPT} 16. Be2 {[%emt 0:00:04] CPLX 2.2} Na5 {[%emt 0:05:13] CPLX 2.2 11 (Bc8-e6) (=14)} 17. O-O {[%emt 0:00:05] CPLX 2.3} Be6 {[%emt 0:01:54] CPLX 2.5 20 (Bc8-d7) (=15)} 18. Be1 {[%emt 0:00:05] BESTDEEP} Qd7 {[%emt 0:03:54] CPLX 2.5 1 (Qd8-e7) (=14)} 19. Bh4 {[%emt 0:00:04] CPLX 2.3} Bd8 {[%emt 0:00:24] BESTDEEP} 20. Qe1 {[%emt 0:01:20] CPLX 2.5 13 (Bh4xd8) (=7)} Bxh4 {[%emt 0:00:57] CPLX 2.5 6 (g7-g6) (=13)} 21. Qxh4 {[%emt 0:00:03] RECAPT} Qe7 {[%emt 0:01:07] BESTDEEP} 22. Qg3 {[%emt 0:00:05] BESTDEEP} g6 {[%emt 0:01:58] CPLX 2.3} 23. Bd1 {[%emt 0:00:43] CPLX 2.3 7 (Qg3-f2) (=6)} O-O-O {[%emt 0:00:54][%cal Be8c8,Bc8b8,Bb8c7,Bc7d7,Bd7e7][%mdl 32] BESTDEEP} 24. Bc2 {[%emt 0:00:05] CPLX 2.2 0 (Qg3-f2) (=6)} Kb8 {[%emt 0:00:40] CPLX 2.2 0 (Rd8-e8) (=10)} 25. Qg5 {[%emt 0:00:33] CPLX 2.2 15 (Nf3-g5) (=7)} Qxg5 {[%emt 0:02:33] BESTDEEP} 26. Nxg5 {[%emt 0:00:04] RECAPT} Kc7 {[%emt 0:01:26] CPLX 2.0} 27. Kf2 {[%emt 0:01:06] BESTDEEP} Kd7 {[%emt 0:02:33] BESTDEEP} 28. Ke3 {[%emt 0:00:04] CPLX 2.5 0 (g2-g3) (=6)} Rc8 {[%emt 0:01:12] CPLX 2.7 0 (Rd8-b8) (=8)} 29. g3 {[%emt 0:00:15] CPLX 2.8 0 (h2-h4) (=5)} Ke7 {[%emt 0:02:38] BESTDEEP} 30. h3 {[%emt 0:00:06] CPLX 3.0 2 (Ng5-f3) (=5)} Rh6 {[%emt 0:06:02] CPLX 3.0 2 (Na5-c6) (=8)} 31. Rg1 {[%emt 0:00:39] CPLX 3.0 0 (Ng5-f3) (=5)} Nc6 {[%emt 0:01:40] CPLX 3.0 0 (Ke7-f8) (=7)} 32. Bd1 {[%emt 0:00:31] CPLX 2.8 2 (Ng5-f3) (=5)} Rch8 {[%emt 0:00:54] CPLX 2.8 2 (b7-b5) (=7)} 33. Ba4 {[%emt 0:01:35] CPLX 2.8 9 (Ke3-f2) (=5)} Na5 {[%emt 0:01:02] CPLX 2.8 13 (h5-h4) (=7)} 34. Raf1 {[%emt 0:00:28] CPLX 3.1 16 (Ng5-f3) (=6)} Bc8 {[%emt 0:00:48] CPLX 3.0 16 (Rh8-b8) (=8)} 35. Bc2 {[%emt 0:00:35] CPLX 3.0 2 (Ng5-f3) (=5)} Nc6 {[%emt 0:00:16] CPLX 2.9 0 (Bc8-e6) (=8)} 36. Rf2 {[%emt 0:00:41] CPLX 2.8 12 (h3-h4) (=6)} Rd8 {[%emt 0:02:57] CPLX 2.8 5 (Bc8-e6) (=7)} 37. Kd2 {[%emt 0:01:16] CPLX 2.7 6 (a3-a4) (=6)} Rdh8 {[%emt 0:00:52] CPLX 2.5 6 (b7-b5) (=7)} 38. Nf3 {[%emt 0:01:47][%cal Bg5f3,Bf3h4,Bh4g2,Bg2e3][%mdl 32] CPLX 2.6 0 (h3-h4) (=5)} Be6 {[%emt 0:00:53] CPLX 2.4} 39. Ba4 {[%emt 0:00:34] CPLX 2.4 19 (Nf3-e1) (=6)} Na5 {[%emt 0:00:19] CPLX 2.5 35 (Rh8-b8) (=8)} 40. Nh4 {[%emt 0:00:04] CPLX 2.6 18 (Ba4-d1) (=6)} Rg8 {[%emt 0:00:52] CPLX 2.6 16 (b7-b5) (=8)} 41. Ng2 {[%emt 0:00:07] CPLX 2.7 3 (Ba4-d1) (=6)} Rgh8 {[%emt 0:01:15] CPLX 2.5 10 (Rh6-h8) (=8)} 42. Ne3 {[%emt 0:00:07] CPLX 2.5 11 (Ba4-d1) (=6)} R6h7 {[%emt 0:00:48] CPLX 2.7 19 (b7-b5) (=9)} 43. Bc2 {[%emt 0:00:08] White is more active. CPLX 2.7 10 (Ba4-d1) (=6)} Rh6 {[%emt 0:01:29] CPLX 2.6 1 (Rh8-d8) (=8)} 44. Ke2 {[%emt 0:00:08] CPLX 2.6 4 (Bc2-d1) (=6)} R6h7 {[%emt 0:01:25] CPLX 2.5 0 (a7-a6) (=8)} 45. Rgg2 {[%emt 0:00:52] CPLX 2.5 11 (Bc2-d1) (=6)} Rh6 {[%emt 0:00:35] CPLX 2.5 17 (Ke7-f8) (=8)} 46. Kd2 {[%emt 0:00:16] CPLX 2.5 6 (Rf2-f1) (=6)} R6h7 {[%emt 0:00:08] CPLX 2.6 8 (Na5-c6) (=8)} 47. Bd1 {[%emt 0:00:58] Black is now going downhill. BESTDEEP} Rh6 {[%emt 0:01:04] CPLX 2.5 2 (Rh8-d8) (=8)} 48. Rf1 {[%emt 0:00:26][%cal Bf2f1,Bf1h1,Bh1h2][%mdl 32] CPLX 2.5 10 (Bd1-f3) (=6)} R6h7 {[%emt 0:00:16] CPLX 2.5 19 (Rh8-d8) (=8)} 49. Rh2 {[%emt 0:00:09] CPLX 2.5 3 (Rg2-g1) (=6)} Rh6 {[%emt 0:00:32] CPLX 2.5 3 (Rh8-d8) (=8)} 50. Rfh1 {[%emt 0:00:04] CPLX 2.5 5 (Bd1-f3) (=6)} R6h7 {[%emt 0:00:30] CPLX 2.5 84 (Na5-c6) (=10)} (50... Nc6 $16 {was worth a try.}) 51. Bf3 $1 $18 {[%emt 0:00:37] CPLX 2.5=>BLUNDERREACT} Rd8 {[%emt 0:00:28] [#] BESTDEEP} 52. g4 $1 {[%emt 0:00:11] DEEPSTRONG} hxg4 {[%emt 0:00:27] MISSDEEP-f7-f6 4 (f7-f6) (=10)} 53. hxg4 {[%emt 0:00:02] RECAPT} Rxh2+ {[%emt 0:00:09] CPLX 3.3} 54. Rxh2 {[%emt 0:00:02] RECAPT} fxg4 {[%emt 0:00:09] CPLX 2.5} 55. Bxg4 {[%emt 0:00:06] RECAPT} ({Much less strong is} 55. Nxg4 Bxg4 56. Bxg4 Nb3+ 57. Kd1 Na5 $16) 55... Bxg4 {[%emt 0:00:37] CPLX 2.5 78 (Rd8-f8) (=11)} (55... Rf8 {was necessary.} 56. Rh6 Nc6) 56. Nxg4 {[%emt 0:00:05][%mdl 4096] Endgame KRN-KRN. RECAPT} Nc6 {[%emt 0:05:09] [#] CPLX 2.0 1 (Na5-b3) (=10)} 57. Ne3 $1 {[%emt 0:00:05] CPLX 2.0} Rd7 {[%emt 0:00:54] CPLX 2.0 79 (Ke7-e6) (=12)} 58. f5 {[%emt 0:00:55] CPLX 2.0 71 (Rh2-h8) (=7)} gxf5 {[%emt 0:00:19] CPLX 2.1 27 (Ke7-f8) (=12)} 59. Nxf5+ {[%emt 0:00:04] RECAPT} Ke6 {[%emt 0:00:18] EASY} 60. Ng7+ {[%emt 0:00:04] CPLX 2.1} Ke7 {[%emt 0:00:10] LEGAL} 61. Rh6 {[%emt 0:00:06] Against f6} Kd8 $2 (61... Kf8) 62. Ke3 Kc7 63. Kf4 b5 $2 (63... Re7 64. Kf5 b5) 64. Ne8+ Kb6 65. Nf6 Rd8 66. Rh7 Ka5 67. Rxf7 Ka4 68. Rc7 Nxd4 69. cxd4 {[%emt 0:01:11][%cal Bc3d4,Bd4d5][%mdl 32] Black must now prevent e6. KRN-KR} Kb3 70. e6 {[%emt 0:00:36][%cal Be5e6,Be6e7][%mdl 32] e7 would kill now.} Kxb2 71. e7 Rh8 72. Nxd5 Kxa3 73. Ne3 a5 74. d5 {[%emt 0:00:05] Weighted Error Value: White=0.07 (flawless) /Black=0.12 (very precise)} 1-0

[Event "ESP-ch Teams Primera 2022"]
[Site "Sanxenxo Pontevedra"]
[Date "2022.09.19"]
[Round "3.22"]
[White "Garcia Cuenca, Victor"]
[Black "Adla, Diego"]
[Result "0-1"]
[ECO "A46"]
[WhiteElo "2369"]
[BlackElo "2393"]
[Annotator "TA"]
[PlyCount "98"]
[EventDate "2022.09.17"]
[EventType "team-tourn"]
[EventCountry "ESP"]
[SourceTitle "playchess.com"]
[Source "ChessBase"]
[SourceQuality "1"]
[TimeControl "5400+30"]

1. d4 Nf6 2. Nf3 e6 3. Bf4 b6 4. e3 Bb7 5. Nbd2 Be7 6. c3 O-O 7. Bd3 c5 8. h3 cxd4 9. exd4 d6 10. Qe2 Nbd7 11. O-O {[%emt 0:00:29] CPLX 2.5 5 (Bf4-g3) (=5)} Re8 {[%emt 0:00:05][%cal Oe6e5] CPLX 2.6 17 (Nf6-d5) (=17). A47: 1 d4 Nf6 2 Nf3 b6: Torre, London and Colle Systems.} 12. Rfe1 {[%emt 0:02:05] CPLX 2.6 2 (Bf4-g3) (=4) has lost popularity (12.Bh2).} Bf8 {[%emt 0:00:07][%cal Oe6e5] CPLX 2.6 1 (Nd7-f8) (=9)} 13. Ba6 {[%emt 0:05:22] CPLX 2.6 34 (Bf4-g3) (=14)} Bxa6 {[%emt 0:00:37] CPLX 2.8. The position is equal.} 14. Qxa6 {[%emt 0:00:14] RECAPT} Qc8 {[%emt 0:00:03] BESTDEEP} 15. Qd3 {[%emt 0:02:50] CPLX 2.6 0 (Qa6-e2) (=8)} Qc6 {[%emt 0:01:32] [#] CPLX 2.4} 16. a4 $146 {[%emt 0:04:43] CPLX 2.5 0 (Qd3-c4) (=7)} ({Predecessor:} 16. Rad1 Rac8 17. Bh2 g6 18. a3 b5 19. Nf1 Bh6 20. d5 Qxd5 21. Qc2 Qb7 22. Bxd6 {1-0 (35) Karhanek,P (2118)-Bradac,R (1998) Trebic 2013}) 16... a6 {BESTDEEP} 17. Qc4 {[%emt 0:27:51] CPLX 2.6 0 (c3-c4) (=6)} Qb7 {[%emt 0:00:23] CPLX 2.9} 18. Qb3 {[%emt 0:00:08] CPLX 2.5} h6 {[%emt 0:36:05] CPLX 2.4} 19. Bh2 {[%emt 0:14:21] CPLX 2.5 6 (Nd2-f1) (=5)} Rec8 {[%emt 0:02:53] CPLX 2.4 6 (Qb7-c6) (=3)} 20. Nc4 {[%emt 0:05:16][%cal Bd2c4,Bc4a5,Ba5b7][%mdl 32] CPLX 2.4 42 (Re1-c1) (=9)} Qd5 {[%emt 0:07:57] CPLX 2.7} 21. Nfd2 {[%emt 0:00:09] CPLX 2.6 0 (Nc4-d2) (=8)} b5 {[%emt 0:02:44] CPLX 2.8} 22. Na5 {[%emt 0:05:22] CPLX 3.1 16 (a4xb5) (=9)} Qxb3 {[%emt 0:02:00] BESTDEEP} 23. Ndxb3 {[%emt 0:00:12] [#] CPLX 3.4 51 (Na5xb3) (=12)} (23. Naxb3 $15 Nb6 24. axb5 axb5 25. Rec1) 23... Nb6 $1 $17 {[%emt 0:00:17][%cal Bd7b6,Bb6a4,Ba4b2][%mdl 32] CPLX 2.1} 24. axb5 {[%emt 0:00:08] CPLX 2.2 0 (Nb3-c1) (=11)} axb5 {[%emt 0:00:02] RECAPT} 25. Nb7 {CPLX 2.2 7 (Re1-c1) (=11)} Ne8 {[%emt 0:00:30] CPLX 2.5 49 (Nb6-c4) (=5)} (25... Nc4 $17 {And now ...Ra4 would win.} 26. Reb1 Rxa1 27. Nxa1 Nd5) 26. Nd2 {CPLX 2.4 68 (Ra1xa8) (=14)} ({White should play} 26. Rxa8 $15 Rxa8 27. N7a5) 26... Na4 {[%emt 0:00:30] BESTDEEP} 27. Ne4 {CPLX 2.3 29 (Ra1-a2) (=15)} d5 {[%emt 0:00:30] EASY} 28. Ned6 {CPLX 2.5 17 (Ne4-c5) (=15)} Nxd6 {[%emt 0:00:30] CPLX 2.8 8 (Bf8xd6) (=5)} 29. Nxd6 {RECAPT} Bxd6 {[%emt 0:00:30] RECAPT} 30. Bxd6 {RECAPT} Nxb2 {[%emt 0:00:30] EASY} 31. Rab1 {MISS-Ra1xa8 67 (Ra1xa8) (=16)} (31. Rxa8 $17 {might work better.} Rxa8 32. Rb1) 31... Na4 {[%emt 0:00:30] CPLX 2.2 41 (Nb2-d3) (=6)} 32. Rxb5 {CPLX 2.0} Nxc3 {[%emt 0:00:30] BESTDEEP} 33. Rb3 {CPLX 2.2 88 (Rb5-c5) (=19)} (33. Rc5 $142) 33... Ra2 {[%emt 0:00:30] CPLX 2.0 7 (Nc3-e4) (=6)} 34. Bc5 {CPLX 2.1} Ne4 {[%emt 0:00:30] CPLX 2.4 3 (Ra2-c2) (=6)} 35. f3 {CPLX 2.4} Nd2 {[%emt 0:00:30] MISS-Ne4xc5 41 (Ne4xc5) (=7)} 36. Rb7 {CPLX 2.2 55 (Rb3-e3) (=19)} (36. Rbe3 $142) 36... Rca8 $19 {[%emt 0:00:30] BESTDEEP} 37. h4 {CPLX 2.0 23 (Bc5-d6) (=19)} Rc2 {[%emt 0:00:30] CPLX 2.0 59 (h6-h5) (=9)} 38. h5 {CPLX 2.1 39 (Rb7-a7) (=20)} Nc4 {[%emt 0:00:30] [#] aiming for ...Raa2. CPLX 2.2} 39. Ra7 {CPLX 2.1 5 (Kg1-h1) (=19)} Rb8 {[%emt 0:00:30] BESTDEEP} 40. Kh2 {CPLX 2.2 64 (Kg1-h1) (=21)} Rbb2 {[%emt 0:00:30] CPLX 2.3} 41. Rg1 {CPLX 2.3} Ne3 {[%emt 0:00:30] CPLX 2.2} 42. Ra3 {CPLX 2.4} Rxg2+ {[%emt 0:00:30] CPLX 2.6 2 (Rc2-e2) (=7)} ({Stronger than} 42... Nxg2 43. Kg3 $19) 43. Rxg2 {RECAPT} Rxg2+ {[%emt 0:00:30][%mdl 4096] Endgame KRB-KRN. RECAPT} (43... Nxg2 $2 {loses.} 44. Kg3 $19) 44. Kh3 {CPLX 2.0} Re2 {[%emt 0:00:30] EASY} 45. Ra8+ {CPLX 2.0} Kh7 {[%emt 0:00:30] ...Rf2 is the strong threat. LEGAL} 46. Ra7 {CPLX 2.0} f6 {[%emt 0:00:30] Hoping for ...Rf2. BESTDEEP} 47. Be7 {DEEPSTRONG} Kg8 {[%emt 0:00:30] CPLX 2.0 119 (Re2-f2) (=10)} (47... Rf2 $19 48. Kg3 Rg2+ 49. Kf4 Nf5 50. Bxf6 Kg8) 48. Ra8+ $17 {DEEPSTRONG=>BLUNDERREACT} Kh7 {[%emt 0:00:30] CPLX 2.0 104 (Kg8-f7) (=12)} (48... Kf7 $17 49. Bd6 e5 50. dxe5 d4) 49. Ra7 $19 {RELBLUND=>BLUNDERREACT} Nf5 {[%emt 0:00:30] Weighted Error Value: White=0.16 (very precise) /Black=0.12 (very precise)} 0-1

[Event "ESP-ch Teams Primera 2022"]
[Site "Sanxenxo Pontevedra"]
[Date "2022.09.19"]
[Round "3.23"]
[White "Quintin Navarro, Alberto"]
[Black "Guadamuro Torrente, Anabel"]
[Result "1-0"]
[ECO "D15"]
[WhiteElo "2372"]
[BlackElo "2102"]
[Annotator "TA"]
[PlyCount "38"]
[EventDate "2022.09.17"]
[EventType "team-tourn"]
[EventCountry "ESP"]
[SourceTitle "playchess.com"]
[Source "ChessBase"]
[SourceQuality "1"]
[TimeControl "5400+30"]

1. c4 c6 2. d4 d5 3. Nf3 Nf6 4. Nc3 a6 5. g3 dxc4 {[%emt 0:06:22] CPLX 2.0} 6. Bg2 {[%emt 0:00:07] CPLX 2.1. D15: Slav Defence: 4 Nc3 a6 and gambit lines after 4 Nc3 dxc4.} b5 {[%emt 0:06:29] BESTDEEP} 7. b3 {[%emt 0:01:13] BESTDEEP} cxb3 {[%emt 0:11:23] BESTDEEP} 8. Qxb3 {[%emt 0:00:18] RECAPT 10 (a2xb3) (=3). The position is equal.} e6 {[%emt 0:05:39] CPLX 2.4} 9. O-O {[%emt 0:00:38] BESTDEEP} Bb7 10. Rd1 {[%emt 0:01:40] BESTDEEP} Be7 11. Ne5 {[%emt 0:03:56] CPLX 2.5} O-O {[%emt 0:08:05] CPLX 3.2} 12. Bg5 {[%emt 0:02:35] [#] CPLX 2.9 30 (Nc3-e4) (=6)} Qc7 $146 {[%emt 0:15:25] CPLX 3.1 10 (h7-h6) (=1)} ({Predecessor:} 12... Ra7 13. Rac1 a5 14. e3 a4 15. Qc2 Na6 16. Bxf6 gxf6 17. Nxc6 Bxc6 18. Bxc6 Nb4 {½-½ (41) Melkumyan,H (2633)-Eljanov,P (2711) Riadh 2017}) 13. Rac1 {[%emt 0:05:47] CPLX 3.2} c5 {[%emt 0:06:59] [#] Threatens to win with ...Bxg2. BESTDEEP} 14. Bxb7 {[%emt 0:15:30] CPLX 3.8} Qxb7 {[%emt 0:00:23] RECAPT} 15. dxc5 {[%emt 0:00:17] BESTDEEP} Bxc5 {[%emt 0:05:39] RECAPT} 16. Bxf6 {[%emt 0:30:44] Active counter play! BESTDEEP} gxf6 {[%emt 0:00:04] RECAPT} 17. Nd3 {CPLX 4.5 9 (Ne5-g4) (=4)} Be7 {[%emt 0:00:30] CPLX 4.1 0 (Bc5-d6) (=1)} 18. Nf4 $1 {CPLX 3.0} Nc6 {[%emt 0:00:30] [#] CPLX 3.0 34 (Ra8-a7) (=3)} 19. Ne4 {MISSDEEP-Nf4xe6 58 (Nf4xe6) (=8)} (19. Nxe6 $1 $11 Na5 20. Qd5 fxe6 21. Qxe6+ Rf7 22. Rd7) 19... Ne5 {[%emt 0:00:30][%mdl 32768] Weighted Error Value: White=0.08 (flawless) /Black=0.04 (flawless) . Loss on time!?} 1-0

[Event "ESP-ch Teams Primera 2022"]
[Site "Sanxenxo Pontevedra"]
[Date "2022.09.19"]
[Round "3.24"]
[White "Recuenco Andres, Javier"]
[Black "Vega Gutierrez, Sabrina"]
[Result "0-1"]
[ECO "D30"]
[WhiteElo "1925"]
[BlackElo "2395"]
[Annotator "TA"]
[PlyCount "68"]
[EventDate "2022.09.17"]
[EventType "team-tourn"]
[EventCountry "ESP"]
[SourceTitle "playchess.com"]
[Source "ChessBase"]
[SourceQuality "1"]
[TimeControl "5400+30"]

1. d4 d5 2. c4 e6 3. Nf3 Nf6 4. e3 c6 5. Bd3 Nbd7 6. b3 Bd6 7. Bb2 O-O 8. O-O Ne4 9. Nc3 f5 {[%emt 0:00:46] [#] CPLX 3.1} 10. g3 $146 {[%emt 0:09:11] CPLX 3.1 5 (Nc3-e2) (=5). A85: Dutch Defence: 2 c4 Nf6 3 Nc3.} ({Predecessor:} 10. Ne2 Qf6 11. a4 g5 12. Ba3 Bxa3 13. Rxa3 a5 14. Ra1 h5 15. Ne1 h4 16. f3 Nd6 17. Nc2 Qh6 {0-1 (35) Obolenskikh,D (2547)-Yilmaz,M (2627) Chess.com INT 2022}) 10... Qf6 {CPLX 3.0 19 (b7-b6) (=10)} 11. Qe2 {[%emt 0:26:02] RELBLUND 57 (h2-h4) (=31)} (11. h4 $14) 11... g5 {[%emt 0:17:37] CPLX 3.0 40 (b7-b6) (=20)} 12. Kg2 {[%emt 0:11:57] CPLX 3.1 44 (Nf3-d2) (=35). White has an edge.} Qh6 {[%emt 0:12:21] CPLX 3.9 13 (b7-b6) (=18)} 13. Ng1 {[%emt 0:06:52] CPLX 4.4 11 (h2-h4) (=29)} g4 {[%emt 0:03:57] CPLX 4.4 0 (b7-b6) (=14)} 14. f3 {[%emt 0:05:45] CPLX 4.8 5 (Bd3xe4) (=24)} gxf3+ {[%emt 0:00:25] EASY} 15. Nxf3 {[%emt 0:01:43] RECAPT} Ndf6 {[%emt 0:00:11] CPLX 4.4} 16. Bxe4 {[%emt 0:04:56] BESTDEEP} dxe4 {[%emt 0:02:23] RECAPT} 17. Nh4 {[%emt 0:04:04] BESTDEEP} Ng4 {[%emt 0:02:13] CPLX 3.7 0 (Rf8-f7) (=8)} 18. Rae1 {[%emt 0:00:27][%cal Oc3e4] CPLX 4.6} Qg5 {[%emt 0:07:15] BESTDEEP} (18... Nxh2 19. Rh1 Qg7 20. Rxh2 $11) 19. Kh1 {[%emt 0:06:28] CPLX 4.6} Rf6 {[%emt 0:01:03] [#] RELBLUND 112 (Bc8-d7) (=17)} ({Black should try} 19... Bd7 $15) 20. d5 {[%emt 0:04:14] MISSDEEP-Rf1-f4 142 (Rf1-f4) (=24)} ({Much worse is} 20. c5 Bc7 $15) (20. Rf4 $1 $14 {stays ahead.} Bxf4 (20... h5 21. h3) 21. exf4) 20... Rh6 $36 {[%emt 0:02:13][%cal Og4h2][%mdl 2048] aiming for ...Nxh2! White is under strong pressure. Black is more active. BESTDEEP} 21. Rf4 {[%emt 0:07:41][%cal Oc3e4] And now Nxe4! would win. BESTDEEP} exd5 {[%emt 0:04:04] CPLX 3.8 43 (c6xd5) (=17)} 22. cxd5 {[%emt 0:00:17] RECAPT} Bxf4 {[%emt 0:00:37] BESTDEEP} 23. exf4 {[%emt 0:00:13] RECAPT} Qd8 {[%emt 0:05:18] CPLX 3.9 3 (Qg5-e7) (=15)} 24. dxc6 {[%emt 0:00:46] MISSDEEP-h2-h3 64 (h2-h3) (=22)} (24. h3 $11 Rxh4 25. gxh4 Qxh4 26. Kg2) 24... bxc6 {[%emt 0:01:33] RECAPT} ({Much weaker is} 24... Rxc6 $6 25. h3 Nf6 26. Nd1 $15) 25. Rd1 {[%emt 0:00:25] [#] CPLX 4.0 89 (Nc3-d1) (=26)} (25. Nd1 $17 {was necessary.}) 25... Qe7 {[%emt 0:06:19] MISSDEEP-Qd8-b6 124 (Qd8-b6) (=21)} (25... Qb6 $1 $19 {Hoping for ...Ba6.} 26. Na4 (26. Nxe4 $2 fxe4 27. Rd4 Qb5 $19) 26... Ba6 27. Qxg4+ fxg4 28. Nxb6 axb6) 26. Qc4+ {[%emt 0:01:05] White does not recover from this. RELBLUND 158 (h2-h3) (=34)} (26. h3 $15 Nf6 27. Qc4+ Be6 28. Nxf5 Rxh3+ 29. Kg2) 26... Be6 $19 {[%emt 0:01:41] CPLX 4.3=>BLUNDERREACT} 27. Nxf5 $2 {[%emt 0:00:27] RELBLUND 400 (Qc4xc6) (=54)} (27. Qxc6 Rd8 28. Kg1) 27... Bxc4 $2 {[%emt 0:07:08] MISS-Rh6xh2 400 (Rh6xh2) (=40)} (27... Rxh2+ 28. Kg1 Qe8) 28. Nxe7+ {[%emt 0:00:15] Pair of Knights! EASY} Kf7 {[%emt 0:00:09] CPLX 3.5} 29. Rd7 $2 {[%emt 0:01:13] CPLX 4.2 400 (Kh1-g1) (=69)} (29. Kg1 Bd3 30. Nf5 Rxh2 31. Nd6+ Kg8 32. Ba1) 29... Rxh2+ {[%emt 0:00:30] CPLX 4.1} 30. Kg1 {[%emt 0:00:06] LEGAL} Be6 {[%emt 0:00:30] CPLX 5.2 108 (Rh2xb2) (=39)} 31. Rc7 {[%emt 0:00:17] CPLX 4.8} Rxb2 {[%emt 0:00:15] EASY} 32. Nxc6+ {[%emt 0:00:32] MISS-f4-f5 298 (f4-f5) (=73)} Kf8 {[%emt 0:01:14] White must now prevent ...Nh2. BESTDEEP} 33. Rxh7 {CPLX 4.5 371 (f4-f5) (=85)} Rc8 {[%emt 0:00:34] CPLX 4.0} 34. Nd4 {[%emt 0:02:23] RELBLUND 400 (Rh7-h8) (=98)} Bg8 {[%emt 0:00:28] Weighted Error Value: White=1.23/Black=0.37} (34... Rxc3 $142 35. Nxe6+ Kg8 36. Rg7+ Kh8 37. Rh7+ Kxh7 38. Ng5+ Kg7 39. Ne6+ Kh8 40. Kh1 Rc1#) 0-1

[Event "ESP-ch Teams Primera 2022"]
[Site "Sanxenxo Pontevedra"]
[Date "2022.09.20"]
[Round "4.1"]
[White "Bacrot, Etienne"]
[Black "Espinosa Aranda, Angel"]
[Result "1-0"]
[ECO "C41"]
[WhiteElo "2647"]
[BlackElo "2428"]
[Annotator "TA"]
[PlyCount "53"]
[EventDate "2022.09.17"]
[EventType "team-tourn"]
[EventCountry "ESP"]
[SourceTitle "playchess.com"]
[Source "ChessBase"]
[SourceQuality "1"]
[TimeControl "5400+30"]

1. e4 d6 2. d4 Nf6 3. Nc3 e5 4. Nf3 Nbd7 5. Bc4 Be7 6. O-O O-O 7. a4 c6 8. Re1 h6 9. h3 Re8 {[%emt 0:01:50] CPLX 2.6 2 (Qd8-c7) (=2)} 10. Be3 {[%emt 0:00:54] CPLX 2.9 18 (a4-a5) (=18). C41: Philidor Defence.} exd4 {[%emt 0:04:38] BESTDEEP 10...exd4 scores better than 10...Qc7.} 11. Bxd4 {[%emt 0:02:48] RECAPT 0 (Qd1xd4) (=9)} Nf8 {[%emt 0:01:54] BESTDEEP} 12. a5 {[%emt 0:05:01] CPLX 3.0 0 (Bd4-e3) (=6). The position is equal.} Be6 {[%emt 0:02:57] CPLX 3.1} 13. Qd3 {[%emt 0:04:42] [#] CPLX 2.9 23 (Nf3-d2) (=10)} N6d7 $146 {[%emt 0:05:42] BESTDEEP} ({Predecessor:} 13... Qc7 14. Be3 N6d7 15. Ne2 Ne5 16. Nxe5 dxe5 17. Qc3 Bxc4 18. Qxc4 Ne6 19. Red1 b5 20. axb6 axb6 {1-0 (58) Van Foreest,L (2532)-Berkes,F (2676) Terme Catez 2021}) 14. Ne2 {[%emt 0:15:11][%cal Bc3e2,Be2f4,Bf4h5][%mdl 32] BESTDEEP} Qc7 {[%emt 0:13:08] CPLX 2.9 25 (Nd7-c5) (=5)} 15. Nf4 {[%emt 0:11:56] CPLX 2.9} Bf6 {[%emt 0:05:48] CPLX 3.2 29 (Be6xc4) (=8)} 16. c3 {[%emt 0:10:43] White is much more active. RELBLUND 55 (Nf4xe6) (=14)} (16. Nxe6 $14 Nxe6 17. Bxf6 Nxf6 18. Bxe6 Rxe6 19. Nd4) 16... Bxc4 $11 {[%emt 0:11:55] CPLX 3.0} 17. Qxc4 {[%emt 0:00:04] RECAPT} Ne6 {[%emt 0:00:11] CPLX 3.6} 18. Nh5 {[%emt 0:05:20] CPLX 3.2 0 (Nf4xe6) (=11)} Nxd4 {[%emt 0:11:16] BESTDEEP} 19. Nxd4 {[%emt 0:01:36] RECAPT} Re5 {[%emt 0:02:07] CPLX 3.5 41 (Bf6xd4) (=9)} 20. Nf5 {[%emt 0:05:05] MISS-Nh5xf6 31 (Nh5xf6) (=12)} d5 {[%emt 0:11:13] EASY} 21. Qd3 {[%emt 0:00:49] [#] Black must now prevent Qg3. BESTDEEP} (21. Nxf6+ Nxf6 22. Qd4 Nxe4 23. Nxh6+ gxh6 $17) 21... Rxe4 {[%emt 0:01:09] MISSDEEP-g7-g6 125 (g7-g6) (=17)} (21... g6 $1 $11 {keeps the balance.} 22. Qg3 (22. Nxh6+ Kh7 $11) 22... Bd8) 22. Rxe4 $16 {[%emt 0:03:40] RECAPT} dxe4 {[%emt 0:00:05] RECAPT} 23. Qxe4 {[%emt 0:00:09] aiming for Qg4. RECAPT} ({Not} 23. Qxd7 $2 Qxd7 24. Nxf6+ gxf6 $19) 23... Kh8 {[%emt 0:06:57] CPLX 2.8 90 (Ra8-d8) (=21)} (23... Rd8 $16 24. a6 (24. Qg4 g6 $16) 24... bxa6) 24. Rd1 $40 {[%emt 0:12:59][%mdl 128] White has strong attack. BESTDEEP} Nc5 $2 {[%emt 0:01:49] [#] CPLX 2.8 228 (Ra8-d8) (=34)} (24... Rd8 {was necessary.} 25. a6 bxa6) 25. Qg4 {[%emt 0:04:53] CPLX 3.2=>BLUNDERREACT} Qe5 {[%emt 0:00:11] EVAL 400 (Bf6-e5) (=55)} (25... Be5 $142 26. f4 (26. Nfxg7 Rg8 $16) 26... g6) 26. f4 {[%emt 0:01:06] EVAL} Qe6 {[%emt 0:02:51] EVAL 0 (Qe5-b8) (=52)} 27. Nhxg7 {[%emt 0:00:24] Weighted Error Value: White=0.12 (very precise) /Black=0.38} 1-0